 Dungeon Crawl Stone Soup version 0.31-a0-234-gad7ace16ef (webtiles) character file.

Game seed: 14175611808308202176

42 qw the Shooter (level 3, 0/29 HPs)
             Began as a Minotaur Hexslinger on July 9, 2023.
             Killed from afar by an orc wizard (2 damage)
             ... with a magic dart
             ... on level 3 of the Dungeon.
             The game lasted 00:00:30 (1532 turns).

qw the Shooter (Minotaur Hexslinger)                Turns: 1532, Time: 00:00:31

Health: 0/29       AC:  5    Str: 12    XL:     3   Next: 33%
Magic:  3/3        EV: 11    Int: 10    God:
Gold:   176        SH:  5    Dex: 14    Spells: 3/4 levels left

rFire   . . .        Y - +2 sling
rCold   . . .        (no shield)
rNeg    . . .        e - +0 ring mail
rPois   .            (helmet restricted)
rElec   .            (no cloak)
rCorr   .            (no gloves)
SInv    .            (no boots)
Will    .....        d - amulet of reflection
Stlth   +            (no ring)
HPRegen 0.24/turn    (no ring)
MPRegen 0.08/turn

%: reflection
@: no status effects
A: horns 2, retaliatory headbutt
a: no special abilities


You were on level 3 of the Dungeon.
You visited 1 branch of the dungeon, and saw 3 of its levels.

You collected 176 gold pieces.


Innate Abilities, Weirdness & Mutations

You have a pair of horns on your head.
You reflexively headbutt those who attack you in melee.


   Skills:
 - Level 2.0 Fighting
 + Level 3.9 Ranged Weapons
 - Level 2.1 Dodging
 - Level 1.0 Spellcasting
 - Level 2.0 Hexes


You had 3 spell levels left.
You knew the following spells:

 Your Spells              Type           Power      Damage    Failure   Level
a - Slow                  Hex            16%        N/A       34%         1

Your spell library contained the following spells:

 Spells                   Type           Power      Damage    Failure   Level
 Inner Flame              Hex/Fire       2%         N/A       83%         3
 Portal Projectile        Hex/Tloc       4%         N/A       83%         3
 Cause Fear               Hex            2%         N/A       98%         4

Inventory:

Hand Weapons
 Y - a +2 sling (weapon)
Armour
 e - a +0 ring mail (worn)
Jewellery
 d - an amulet of reflection (around neck)
Scrolls
 i - a scroll of identify
Potions
 g - a potion of cancellation {unknown}

Dungeon Overview and Level Annotations

Branches:
Dungeon (3/15)

Altars:


Message History

You shoot a sling bullet.
The sling bullet hits the orc wizard but does no damage.
The orc wizard is heavily wounded.
An orc comes into view. It is wielding a +0 dagger.
The orc hits you but does no damage.
You shoot a sling bullet.
The sling bullet closely misses the orc.
The sling bullet hits the orc wizard.
The orc wizard is almost dead.
You block the orc's attack.
You shoot a sling bullet.
The sling bullet closely misses the orc wizard.
You block the orc's attack.
You shoot a sling bullet.
The sling bullet closely misses the orc wizard.
The orc hits you with a +0 hand axe. The orc hits you but does no damage.
The orc wizard hits you with a +0 dagger.
You shoot a sling bullet.
The sling bullet barely misses the orc wizard.
The orc hits you with a +0 hand axe. The orc hits you but does no damage.
The orc wizard barely misses you. The orc wizard casts a spell at you.
The puff of flame hits you. The orc completely misses you.
The orc hits you with a +0 short sword.
You shoot a sling bullet.
The sling bullet barely misses the orc wizard.
The orc barely misses you. The orc misses you. The orc wizard misses you.
The orc hits you with a +0 short sword.
You shoot a sling bullet.
The sling bullet barely misses the orc wizard.
The orc hits you but does no damage. x2; The orc hits you with a +0 short sword.
The orc wizard gestures at you while chanting.
The puff of flame hits you.
You shoot a sling bullet.
The sling bullet closely misses the orc wizard.
The orc barely misses you. The orc hits you with a +0 hand axe.
The orc hits you but does no damage. The orc wizard casts a spell at you.
The magic dart hits you.
You die...

...... ...). ..... ###
##.... #.. ..... .. #.#
#..# .... #.###.o#.....
#.##.@o......
#####....oo...... .
###................
#.####........#.#.......
.)......................
#.....###...###.#.......
.....<......# #.##......
....#.......# #.# .....)
...........## #.. ....


You could see an orc wizard and 3 orcs.

Vanquished Creatures
  An adder (D:2)
  A dart slug (D:1)
  An orc (D:3)
  4 ball pythons
  An endoplasm (D:1)
  5 goblins
  3 hobgoblins
  2 jackals (D:2)
  A quokka (D:1)
  2 frilled lizards
  4 kobolds
  4 rats
29 creatures vanquished.

Notes
Turn   | Place    | Note
-------+----------+-------------------------------------------
     0 | D:1      | qw the Minotaur Hexslinger began the quest for the Orb.
     0 | D:1      | Reached XP level 1. HP: 16/16 MP: 1/1
     0 | D:1      | 0 ||| qw: Version: 0.3-a-51-g015441d
     0 | D:1      | 0 ||| qw: Game counter: 4147
     0 | D:1      | 0 ||| qw: Melee chars always use a shield: true
     0 | D:1      | 0 ||| qw: God list: Okawaru
     0 | D:1      | 0 ||| qw: Allow faded altars: false
     0 | D:1      | 0 ||| qw: Do Orc after clearing Dungeon:15 true
     0 | D:1      | 0 ||| qw: Do second Lair branch before Depths: true
     0 | D:1      | 0 ||| qw: Lair rune preference: random
     0 | D:1      | 0 ||| qw: Goals: Normal
     0 | D:1      | 0 ||| PLANNING D:1-11
   189 | D:1      | Found a faded altar of an unknown god.
   332 | D:1      | Reached skill level 3 in Ranged Weapons
   332 | D:1      | Reached XP level 2. HP: 23/23 MP: 2/2
   846 | D:1      | 846 ||| UPGRADING to +0 ring mail.
   856 | D:1      | 856 ||| DROPPING +0 robe.
   857 | D:1      | 857 ||| READING scroll labelled VITSIPL URAS.
   858 | D:1      | 858 ||| READING scroll labelled NUZXEE VOUHU.
   859 | D:1      | 859 ||| READING scroll labelled GESCHA IKHYNG.
   860 | D:1      | 860 ||| READING 2 scrolls labelled KITRUI GOFUFOA.
   861 | D:1      | 861 ||| DROPPING scroll of poison.
  1200 | D:2      | Reached XP level 3. HP: 28/29 MP: 3/3
  1479 | D:2      | 1479 ||| UPGRADING to amulet of reflection.
  1484 | D:2      | 1484 ||| READING scroll labelled WIRHI MEIT.
  1485 | D:2      | 1485 ||| READING scroll labelled CAHECUCRANK.
  1486 | D:2      | 1486 ||| READING scroll labelled HACHEO HILAI.
  1490 | D:2      | 1490 ||| READING 2 scrolls of identify.
  1490 | D:2      | 1490 ||| IDENTIFYING fuming purple potion
  1491 | D:2      | 1491 ||| DROPPING potion of invisibility.
  1531 | D:3      | HP: 5/29 [orc wizard/puff of flame (6)]
  1532 | D:3      | HP: 2/29 [orc/+0 hand axe (4)]
  1532 | D:3      | Killed from afar by an orc wizard

Levels and vault maps discovered:
D:1:      giann_bridges, layout_loops_corners, nicolae_ecumenical_lake_church
D:2:      layout_loops_cross
D:3:      layout_rooms, grunt_temple_overflow_gold_and_silver

Skill      XL: |  1  2 |
---------------+-------+-----
Ranged Weapons | 3 |  3.9
Fighting       | 2 |  2.0
Dodging        | |  2.1
Spellcasting   | |  1.0
Hexes          | |  2.0

Action                     || total
---------------------------++-------
   Fire: Sling             ||   102
    Use: Scroll            ||     8
 Armour: Robe              ||     3
         Ring mail         ||    17
  Dodge: Dodged            ||    28
  Block: Other             ||     3

Table legend:
 A = Non-vault XP
 B = Vault XP
 C = Vault XP percentage of total XP
 D = Non-vault monster count
 E = Vault monster count
 F = Vault count percentage of total count
                 A         B        C        D         E       F
            +---------+---------+-------+---------+---------+-------
      Total |      60 |       0 |   0.0 |      29 |       0 |   0.0
            +---------+---------+-------+---------+---------+-------
        D:1 |      24 |       0 |   0.0 |      14 |       0 |   0.0
        D:2 |      30 |       0 |   0.0 |      12 |       0 |   0.0
        D:3 |       6 |       0 |   0.0 |       3 |       0 |   0.0
            +---------+---------+-------+---------+---------+-------
